 Dungeon Crawl Stone Soup version 0.31-a0-948-gf5be29c462 (webtiles) character file.

Game seed: 10995314762234626936

38553 BinkBink the Fighter (level 13, -1/124 HPs)
             Began as a Minotaur Berserker on Oct 21, 2023.
             Was the Champion of Trog.
             Slain by an orc knight
             ... wielding a +2 battleaxe
              (22 damage)
             ... on level 2 of the Orcish Mines.
             The game lasted 00:40:18 (20284 turns).

BinkBink the Fighter (Minotaur Berserker)          Turns: 20284, Time: 00:40:18

Health: -1/124     AC: 23    Str: 31    XL:     13   Next: 64%
Magic:  12/12      EV: 13    Int:  4    God:    Trog [******]
Gold:   1675       SH:  0    Dex: 12    Spells: 12/12 levels left

rFire   . . .        L - +9 battleaxe
rCold   . . .        (shield currently unavailable)
rNeg    . . .        W - +3 plate armour
rPois   +            V - +0 mask of the Dragon {Will+ Slay+3 SInv}
rElec   .            N - scarf {shadows}
rCorr   .            C - +1 pair of gloves
SInv    +            T - +0 pair of boots
Will    +++..        x - amulet of regeneration Stlth
                     P - +6 ring of strength
HPRegen 2.20/turn    k - ring of poison resistance
MPRegen 0.13/turn

%: no passive effects
@: about to teleport, strong-willed, on berserk cooldown, regenerating, slowed,
very slow
A: horns 2, retaliatory headbutt
a: Renounce Religion, Berserk, Trog's Hand, Brothers in Arms


You were on level 2 of the Orcish Mines.
You worshipped Trog.
Trog was exalted by your worship.
You visited 3 branches of the dungeon, and saw 18 of its levels.
You also visited: Sewer.

You collected 1675 gold pieces.

Inventory:

Hand Weapons
 a - a +2 mace
 j - the +4 mace "Qagann" {antimagic, Dex+6}
   (You found it on level 6 of the Dungeon)

   Dex+6:     It affects your dexterity (+6).
 D - the +5 trident of the Tired Knaves {speed, rF- Int+2 SInv}
   (You found it on level 12 of the Dungeon)

   Int+2:     It affects your intelligence (+2).
   rF-:       It makes you vulnerable to fire.
   SInv:      It lets you see invisible.
 J - a +4 eveningstar of flaming
 L - a +9 battleaxe (weapon)
 O - a +0 triple crossbow
Missiles
 t - 4 throwing nets
Armour
 d - the +1 robe "Libresm" {rElec}
   (You found it on level 5 of the Dungeon)

   rElec:     It insulates you from electricity.
 m - the +1 chain mail "Geox" {+Inv rPois Str+2 Stlth+}
   (You found it on level 6 of the Dungeon)

   Str+2:     It affects your strength (+2).
   rPois:     It protects you from poison +Inv: It lets you turn invisible.
   Stlth+:    It makes you more stealthy.
 C - a +1 pair of gloves (worn)
 E - a +0 kite shield
 N - a scarf of shadows (worn)
 T - a +0 pair of boots (worn)
 V - the +0 mask of the Dragon (worn) {Will+ Slay+3 SInv}
   (You found it on level 1 of the Orcish Mines)

   Slay+3:    It affects your accuracy & damage with ranged weapons and melee
   (+3).
   Will+:     It increases your willpower.
   SInv:      It lets you see invisible.
 W - a +3 plate armour (worn)
Jewellery
 c - a ring of protection from fire
 e - a ring of see invisible
 h - a +4 ring of protection
 i - a ring of willpower
 k - a ring of poison resistance (right hand)
 n - an amulet of magic regeneration
 w - a ring of protection from cold
 x - an amulet of regeneration (around neck)
 I - a ring of flight
 P - a +6 ring of strength (left hand)
 U - a ring of ice
Wands
 l - a wand of flame (71)
 Q - a wand of iceblast (3)
 R - a wand of digging (2)
Scrolls
 b - a scroll of revelation
 r - 4 scrolls of summoning
 y - 2 scrolls of fear
 z - 2 scrolls of silence
 A - 3 scrolls of poison
 B - 3 scrolls of teleportation
 G - 3 scrolls of identify
 K - a scroll of enchant weapon
 M - a scroll of noise
 S - a scroll of enchant armour
Potions
 f - 2 potions of curing
 g - a potion of berserk rage
 o - 3 potions of brilliance
 p - 2 potions of might
 q - a potion of resistance
 s - 2 potions of cancellation
 u - 3 potions of magic
 v - a potion of heal wounds
 F - 2 potions of haste
 H - a potion of lignification


   Skills:
 + Level 14.2 Fighting
 * Level 9.7(12.5) Axes
 - Level 12.6(13.9) Maces & Flails
 + Level 14.0 Armour
 + Level 12.9 Dodging
 - Level 1.4 Shields


You had 12 spell levels left.
You didn't know any spells.
Your spell library was empty.

Dungeon Overview and Level Annotations

Branches:
Dungeon (13/15)            Temple (0/1) D:7            Lair (3/5) D:8
    Orc (2/2) D:12            Elf (0/3) Orc:2         Sewer (visited)
  Swamp: Lair:2-3    Shoals: Lair:2-3     Snake: Lair:2-3    Spider: Lair:2-3
 Vaults: D:13-14

Altars:
Ashenzari
Cheibriados
Dithmenos
Fedhas
Kikubaaqudgha
Makhleb
Nemelex Xobeh
Ru
Sif Muna
Trog
Uskayaw
Wu Jian
Xom
Zin

Shops:
D:1 *=!!=   D:3 =   D:4 ?   Orc:2 (

Annotations:
D:4 2 runed translucent doors
D:6 1 runed translucent door, tish's ghost, novice GnWn
Lair:1 1 runed translucent door, Descartes's ghost, novice DsHW


Innate Abilities, Weirdness & Mutations

You have a pair of horns on your head.
You reflexively headbutt those who attack you in melee.


Message History

The orc knight is moderately wounded.
The orc warrior throws a boomerang.
The boomerang hits you but does no damage.
The orc warrior closely misses you.
The orc knight hits you with a +2 battleaxe!!
Unknown command.
You are too injured to fight recklessly!
You are too injured to fight recklessly!
Unknown command.
You closely miss the orc knight.
The orc knight is moderately wounded.
You are no longer berserk.
You are exhausted.
You feel yourself slow down.
The orc warrior hits you with a +0 trident!
The orc knight misses you. You furiously retaliate!
You headbutt the orc knight!
You see here a +0 club.
As you read the scroll of teleportation, it crumbles to dust.
You feel strangely unstable. The orc warrior misses you.
The orc warrior barely misses you. You furiously retaliate!
You headbutt the orc warrior.
The orc knight hits you with a +2 battleaxe!!
* * * LOW HITPOINT WARNING * * *
The orc hits you but does no damage.
You slice the orc warrior!!
You kill the orc warrior!
Trog accepts your kill.
You slash the orc!
You kill the orc!
Trog accepts your kill.
You closely miss the orc warrior. You closely miss the orc knight.
The orc warrior misses you. The orc closely misses you.
The orc knight hits you with a +2 battleaxe.
* * * LOW HITPOINT WARNING * * *
The orc hits you but does no damage. The orc warrior barely misses you.
The orc warrior hits you with a +0 hand axe!
* * * LOW HITPOINT WARNING * * *
The orc knight hits you with a +2 battleaxe!!
You die...

.....)).## #..))))..##
#. .#.)......# ##
.##.......# #
..#......)############
#.
.#........)..)........
..
...)...)......).......
..
.).......######.o###.
. .).......# #o@#
.........# #)o#
.........# #..o
.........# #....
.......... ....8.
......... ##......
#..###'#


You could see an orc knight (strong), 2 orc warriors and an orc (strong).

Vanquished Creatures
  An orc warlord (Orc:1)
  Snorg (Orc:2)
  Harold (D:9)
  A hydra (Lair:2)
  2 two-headed ogres
  Erica (Lair:2)
  A boulder beetle (D:12)
  Urug (D:12)
  A deep elf pyromancer (Orc:1)
  An orc sorcerer (Orc:2)
  7 orc knights (Orc:2)
  2 manticores
  A deep elf zephyrmancer (Orc:1)
  A black mamba (Lair:2)
  Joseph (D:8)
  3 cane toads (Lair:1)
  3 unseen horrors
  3 komodo dragons
  10 trolls
  A polar bear (Lair:1)
  Prince Ribbit (D:8)
  7 blink frogs (Lair:2)
  A jumping spider (Lair:3)
  Sigmund (D:5)
  A shadow (D:10)
  A vampire (D:12)
  A water elemental (D:12)
  A wraith (D:12)
  A basilisk (Lair:1)
  2 wyverns
  55 yaks
  2 steam dragons
  6 wargs
  3 vampire mosquitoes (D:12)
  2 acid dragons
  9 water moccasins
  31 orc warriors
  2 swamp drakes
  2 sky beasts (D:7)
  An ice beast (D:7)
  3 black bears
  7 ogres
  4 centaurs
  15 wolves
  A phantom (D:6)
  2 kobold brigands
  2 gnoll sergeants (D:9)
  8 bullfrogs
  3 scorpions
  9 wights
  4 killer bees (D:9)
  2 howler monkeys
  7 electric eels
  A crimson imp (Orc:1)
  4 hounds
  8 orc priests
  3 jellies
  An iron imp (Orc:1)
  4 gnoll boudas
  3 iguanas (D:5)
  Ijyb (D:5)
  14 orc wizards
  3 sleepcaps (D:7)
  Robin (D:5)
  31 gnolls
  7 adders
  2 river rats
  A shadow imp (Orc:1)
  A white imp (Orc:1)
  2 ufetubi (D:5)
  2 worms (D:4)
  5 dart slugs
  81 orcs
  5 bats
  15 endoplasms
  8 giant cockroaches
  39 goblins
  31 hobgoblins
  4 jackals (D:2)
  A quokka (D:4)
  12 ball pythons
  6 frilled lizards
  16 kobolds
  12 rats
564 creatures vanquished.

Vanquished Creatures (others)
  A human (D:6)
1 creature vanquished.

Grand Total: 565 creatures vanquished

Notes
Turn   | Place    | Note
-------+----------+-------------------------------------------
     0 | D:1      | BinkBink the Minotaur Berserker began the quest for the
                  | Orb.
     0 | D:1      | Reached XP level 1. HP: 19/19 MP: 0/0
     5 | D:1      | Found Xacvusse's Distillery.
    36 | D:1      | Found Midwife's Distillery.
    62 | D:1      | Reached XP level 2. HP: 26/27 MP: 1/1
    95 | D:1      | Found a faded altar of an unknown god.
   240 | D:1      | Found Tedoc's Jewellery Shoppe.
   316 | D:1      | Found Peusm's General Store.
   457 | D:1      | Found Uhiloch's Jewellery Boutique.
   959 | D:2      | Reached XP level 3. HP: 26/33 MP: 2/2
  1806 | D:3      | Reached ** piety under Trog
  1819 | D:3      | Found Puocex Nuvi's Jewellery Shoppe.
  2162 | D:3      | Reached XP level 4. HP: 39/41 MP: 3/3
  2310 | D:3      | Found a glowing drain.
  2345 | Sewer    | Entered a sewer
  2718 | Sewer    | Reached XP level 5. HP: 25/47 MP: 4/4
  2802 | Sewer    | Found a viscous altar of Jiyva.
  3054 | D:4      | Noticed a water moccasin
  3059 | D:4      | Reached *** piety under Trog
  3060 | D:4      | Killed a water moccasin
  3061 | D:4      | Reached skill level 5 in Fighting
  3061 | D:4      | Reached skill level 5 in Maces & Flails
  3229 | D:4      | Found a bloodstained altar of Trog.
  3271 | D:4      | Reached XP level 6. HP: 49/56 MP: 5/5
  3323 | D:4      | Found a large runed translucent door.
  3324 | D:4      | Found a large runed translucent door.
  3431 | D:4      | Found Poquppom's Magic Scroll Shop.
  3625 | D:4      | Found a glowing silver altar of Zin.
  4354 | D:5      | Entered Level 5 of the Dungeon
  4438 | D:5      | Reached skill level 5 in Armour
  4438 | D:5      | Noticed a yak
  4563 | D:5      | Reached XP level 7. HP: 55/62 MP: 6/6
  4579 | D:5      | Noticed a yak
  4582 | D:5      | Noticed a yak
  4800 | D:5      | Noticed Sigmund
  4809 | D:5      | Killed Sigmund
  4916 | D:5      | Killed a yak
  4917 | D:5      | Reached skill level 5 in Dodging
  4997 | D:5      | Identified the +1 robe "Libresm" {rElec}
  5002 | D:5      | Reached **** piety under Trog
  5042 | D:5      | Noticed Robin
  5062 | D:5      | Killed Robin
  5089 | D:5      | Noticed Ijyb
  5101 | D:5      | Killed Ijyb
  5430 | D:5      | Killed a yak
  5431 | D:5      | Reached XP level 8. HP: 29/71 MP: 7/7
  6574 | D:5      | Reached ***** piety under Trog
  6640 | D:5      | Found a hide-covered altar of Uskayaw.
  6739 | D:5      | Found a sparkling altar of Nemelex Xobeh.
  7198 | D:6      | Found a blossoming altar of Fedhas.
  7511 | D:6      | Identified the +4 mace "Qagann" {antimagic, Dex+6}
  7515 | D:6      | Identified the +1 chain mail "Geox" {+Inv rPois Str+2
                  | Stlth+}
  7628 | D:6      | Reached XP level 9. HP: 71/81 MP: 2/8
  7700 | D:6      | Received a gift from Trog
  7963 | D:6      | Found a burning altar of Makhleb.
  7985 | D:6      | Found a runed translucent door.
  8149 | D:6      | Found an ancient bone altar of Kikubaaqudgha.
  8217 | D:6      | Noticed tish's ghost (novice GnWn)
  8429 | D:7      | Found a snail-covered altar of Cheibriados.
  8671 | D:7      | Noticed a two-headed ogre
  8845 | D:7      | Found a broken altar of Ashenzari.
  9150 | D:7      | Found a shimmering altar of Xom.
  9349 | D:8      | Noticed Prince Ribbit
  9364 | D:8      | Killed Prince Ribbit
  9496 | D:8      | Found a sacrificial altar of Ru.
  9523 | D:8      | Noticed Joseph
  9829 | D:8      | Killed Joseph
  9830 | D:8      | Reached XP level 10. HP: 29/91 MP: 3/9
 10399 | D:8      | Found a staircase to the Lair.
 10437 | D:9      | Identified the of Anash
 11018 | D:9      | Reached skill level 10 in Fighting
 11147 | D:9      | Reached skill level 10 in Maces & Flails
 11178 | D:9      | Found a shimmering blue altar of Sif Muna.
 11244 | D:9      | Found an ornate altar of the Wu Jian Council.
 11309 | D:9      | Noticed Harold
 11328 | D:9      | Killed Harold
 11605 | D:9      | Reached skill level 10 in Armour
 11606 | D:9      | Found a shadowy altar of Dithmenos.
 12666 | D:10     | Entered Level 10 of the Dungeon
 13016 | D:9      | Reached XP level 11. HP: 93/101 MP: 3/10
 13533 | D:10     | Reached skill level 10 in Dodging
 14354 | D:11     | Noticed a two-headed ogre
 14373 | D:11     | Killed a two-headed ogre
 14950 | D:12     | Identified the +5 trident of the Tired Knaves {speed, rF-
                  | Int+2 SInv}
 15089 | D:12     | Noticed a boulder beetle
 15113 | D:12     | Killed a boulder beetle
 15315 | D:12     | Reached XP level 12. HP: 48/112 MP: 3/11
 15781 | D:12     | Received a gift from Trog
 15834 | D:12     | Noticed a two-headed ogre
 15838 | D:12     | Killed a two-headed ogre
 15839 | D:12     | Reached skill level 1 in Shields
 16098 | D:12     | Noticed Urug
 16106 | D:12     | Killed Urug
 16248 | D:12     | Reached skill level 1 in Axes
 16284 | D:12     | Found a staircase to the Orcish Mines.
 16594 | D:13     | Noticed a catoblepas
 16719 | D:14     | Identified the of Cichut
 16719 | Lair:1   | Entered Level 1 of the Lair of Beasts
 17143 | Lair:1   | Noticed Descartes's ghost (novice DsHW)
 17146 | Lair:1   | Found a runed translucent door.
 17212 | Lair:1   | Reached skill level 5 in Axes
 17668 | Lair:2   | Noticed Erica
 17681 | Lair:2   | Killed Erica
 17735 | Lair:2   | Noticed a four-headed hydra
 17844 | Lair:2   | Killed a four-headed hydra
 17959 | Lair:2   | Reached XP level 13. HP: 111/122 MP: 12/12
 18782 | Orc:1    | Entered Level 1 of the Orcish Mines
 19036 | Orc:1    | Found the +0 mask of the Dragon {Will+ Slay+3 SInv}
 19084 | Orc:2    | Entered Level 2 of the Orcish Mines
 19093 | Orc:2    | Noticed an orc warlord
 19146 | Orc:1    | Killed an orc warlord
 19328 | Orc:1    | Received a gift from Trog
 19446 | Orc:1    | Reached ****** piety under Trog
 19568 | Orc:2    | Found a staircase to the Elven Halls.
 19819 | Orc:2    | Found Miacats's Firing Range.
 20081 | Orc:2    | Received a gift from Trog
 20266 | Orc:2    | Noticed Snorg
 20278 | Orc:2    | Killed Snorg
 20284 | Orc:2    | Slain by an orc knight

Illustrated notes

Levels and vault maps discovered:
D:1:      ncdulo_lavacross, layout_basic, serial_shops, shop_statue,
          nicolae_shop_stone, shop, shop, nicolae_shop_rolling_square,
          hellmonk_ecumenical_altar_crossroads, minmay_hexomino_p4
D:2:      layout_loops_corners, serial_bayou_lake_a
D:3:      layout_loops_ring, serial_shops, nicolae_shop_gaudy_bauble,
          portal_sewer_entry_b, grunt_ministairs_2
D:4:      layout_cave_pools, mainiacjoe_overflow_small_starburst,
          lemuel_coloured_pillars_altar, jmf_multi_god_temple2, serial_shops,
          nicolae_shop_temple_entry_statues_fountains
D:5:      minmay_goblin_kobold_castle, layout_cave_pools, kennysheep_little_box,
          mainiacjoe_overflow_paths, minmay_misc_feat_rows, nicolae_goblin_pals,
          uniq_sigmund
D:6:      layout_cave_pools, mainiacjoe_overflow_tiny_flanked,
          tgw_kikubaaqudgha, makhleb_blood_cavern_becter,
          ebering_ghost_reflecting_pool, nicolae_fountain_basement
D:7:      layout_basic, mainiacjoe_overflow_alcove_4,
          mainiacjoe_overflow_brackets, cheibrodos_ashenzari_chains,
          minmay_temple_entry_from_below_a, st_stairs_10
D:8:      layout_basic, kennysheep_mini, kennysheep_generic_room_6, uniq_joseph,
          uniq_prince_ribbit1
D:9:      layout_long_grid, general_overflow_altar, nzn_wu_jian_council_hall,
          grunt_dithmenos_smoke_and_mirrors, kennysheep_boxes, uniq_harold
D:10:     layout_rooms, corexii_checkpoint_a, hex_tiny
D:11:     layout_long_grid, minmay_misc_feat_nine_boxes
D:12:     nicolae_cairo_tiling_very_big, layout_basic, erik_orc_1, uniq_urug
D:13:     layout_small_grid, david_vaults_4, enter_trove_6, serial_shops, shop,
          okawaru_metal_pillars_1_2
Lair:1:   layout_cave_pods, hellmonk_ghost_happy_afterlife, lemuel_fruit_fields,
          lemuel_fruit_tree
Lair:2:   layout_gridlike, uniq_erica
Lair:3:   layout_hall_layers, swamp_mist_pool, spider_nest_entry_a
Orc:1:    layout_diamond_mine, hangedman_minor_magic
Orc:2:    st_orc_town, layout_diamond_mine, nicolae_shop_firing_range,
          uniq_snorg

Skill      XL: |  1  2  3  4  5  6  7  8  9 10 11 12 13 |
---------------+----------------------------------------+-----
Maces & Flails | 4 5 6 7 9 10 12 | 12.6
Fighting       | 4 5 6 8 9 10 12 13 14 | 14.2
Armour         | 3 4 5 6 7 9 10 12 13 14 | 14.0
Dodging        | 3 4 5 6 8 9 11 12 | 12.9
Shields        | 1 |  1.4
Axes           | 6 9 |  9.7

Action                     |  1- 3 |  4- 6 |  7- 9 | 10-12 | 13-15 || total
---------------------------+-------+-------+-------+-------+-------++-------
  Melee: Mace              |   102 |   132 |   362 |   429 |       ||  1025
         Headbutt          |    11 |    25 |    76 |   144 |    44 ||   300
         Punch             |       |     3 |     5 |     9 |       ||    17
         Battleaxe         |       |       |       |   114 |   188 ||   302
         Eveningstar       |       |       |       |    22 |    40 ||    62
 Invoke: Berserk           |       |       |     1 |     4 |     2 ||     7
         Trog's Hand       |       |       |       |     3 |     1 ||     4
    Use: Scroll            |       |    11 |     9 |     6 |     1 ||    27
         Potion            |       |     2 |     6 |     1 |     1 ||    10
   Stab: Sleeping          |     1 |     1 |       |       |       ||     2
         Distracted        |       |       |     1 |       |       ||     1
         Confused          |       |       |       |     1 |       ||     1
 Armour: Animal skin       |    61 |    81 |    10 |       |       ||   152
         Robe              |       |       |   134 |       |       ||   134
         Chain mail        |       |       |   105 |   495 |   168 ||   768
         Plate armour      |       |       |       |       |    33 ||    33
  Dodge: Dodged            |    75 |   139 |   241 |   411 |   185 ||  1051

Table legend: (Time is in decaauts)
 A = Elapsed time spent in this place.
 B = Non-inter-level travel time spent in this place.
 C = Inter-level travel time spent in this place.
 D = Time resting spent in this place.
 E = Time spent auto-exploring this place.
 F = Levels seen in this place.
 G = Mean time per level.
                   A        B        C        D        E       F      G
               +--------+--------+--------+--------+--------+-----+--------+
         Total |  20454 |  19341 |   1113 |   4476 |  11334 |  19 | 1076.5 |
       Dungeon |  16401 |  15462 |    939 |   3786 |   9065 |  13 | 1261.6 |
          Lair |   1942 |   1795 |    147 |     42 |   1439 |   3 |  647.3 |
  Orcish Mines |   1530 |   1504 |     26 |    450 |    616 |   2 |  765.0 |
         Sewer |    579 |    579 |      0 |    198 |    213 |   1 |  579.0 |
               +--------+--------+--------+--------+--------+-----+--------+

Top non-repeatable levels by time:
     D:9: 2791 daAuts
     D:5: 2438 daAuts
     D:4: 1947 daAuts
    D:12: 1742 daAuts
     D:2: 1150 daAuts
  Lair:1: 1073 daAuts
     D:6: 1032 daAuts
     D:8: 1015 daAuts
     D:7: 983 daAuts
    D:10: 968 daAuts
    D:11: 913 daAuts
   Orc:1: 893 daAuts
  Lair:2: 848 daAuts
     D:3: 720 daAuts
     D:1: 699 daAuts
